 Dungeon Crawl Stone Soup version 0.24.0-123-gd5b16e6ec5 (webtiles) character file.

Game seed: 3275002903965061239, levelgen mode: deterministic

92 Garessta the Skirmisher (level 4, -3/57 HPs)
             Began as a Merfolk Skald on Feb 1, 2020.
             Slain by Sigmund
             ... wielding a +0 scythe
              (9 damage)
             ... on level 2 of the Dungeon.
             The game lasted 00:15:19 (1285 turns).

Garessta the Skirmisher (Merfolk Skald)             Turns: 1285, Time: 00:15:19

Health: -3/57      AC:  3    Str: 17    XL:     4   Next: 60%
Magic:  1/7        EV: 12    Int: 12    God:
Gold:   87         SH:  0    Dex: 13    Spells: 1/7 levels left

rFire    . . .     SeeInvis .   g - +4 spear
rCold    . . .     Gourm    .   (no shield)
rNeg     + . .     Faith    .   b - +0 leather armour
rPois    .         Spirit   .   (no helmet)
rElec    .         Reflect  .   (no cloak)
rCorr    .         Harm     .   (no gloves)
MR       .....     Rnd*Tele +   (no boots)
Stlth    ..........             (no amulet)
HPRegen  0.19/turn              h - ring of teleportation (curse)
MPRegen  0.10/turn              i - ring of positive energy

@: berserking, infused, very quick
A: change form in water, swift swim, stealthy swim
a: no special abilities


You were on level 2 of the Dungeon.
You were not hungry.

You visited 1 branch of the dungeon, and saw 2 of its levels.

You collected 87 gold pieces.

Inventory:

Hand Weapons
 g - a +4 spear (weapon)
Armour
 b - a +0 leather armour (worn)
 k - a +4 ring mail
Jewellery
 h - a cursed ring of teleportation (left hand)
 i - a ring of positive energy (right hand)
Potions
 a - a potion of might {unknown}
 c - a potion of cancellation {unknown}
 e - a potion of berserk rage
Comestibles
 d - 3 rations
 j - 2 chunks of flesh


   Skills:
 * Level 4.4 Fighting
 - Level 3.0 Polearms
 - Level 0.6 Armour
 - Level 2.6 Dodging
 - Level 2.0 Spellcasting
 + Level 4.2 Charms


You had one spell level left.
You knew the following spells:

 Your Spells              Type           Power        Failure   Level  Hunger
a - Infusion              Chrm           ##..         6%          1    ##.....
b - Shroud of Golubria    Chrm/Tloc      #.....       21%         2    ###....
c - Spectral Weapon       Hex/Chrm       #.......     38%         3    ####...

Your spell library contained the following spells:

 Spells                   Type           Power        Failure   Level  Hunger
 Corona                   Hex            #......      32%         1    ##.....
 Song of Slaying          Chrm           ##......     9%          2    ###....
 Regeneration             Chrm/Necr      #.........   38%         3    ####...
 Ensorcelled Hibernation  Hex/Ice        #.....       43%         2    ###....
 Confuse                  Hex            #.......     67%         3    ####...
 Dazzling Spray           Conj/Hex       #.....       67%         3    ####...
 Tukima's Dance           Hex            #.......     67%         3    ####...


Dungeon Overview and Level Annotations

Branches:
Dungeon (2/15)

Altars:

Annotations:
D:2 Sigmund


Message History

You reach to attack!
You closely miss something. Something hits you but does no damage.
Attack whom?
Press: ? - help, Dir - move target cursor You reach to attack!
You miss something. Something hits you!
Attack whom?
Press: ? - help, Dir - move target cursor You reach to attack!
You hit something.
Attack whom?
Press: ? - help, Dir - move target cursor You reach to attack!
You miss something. Something hits you!
* * * LOW HITPOINT WARNING * * *
You feel better.
A magic dart appears from out of thin air!
The magic dart hits you!
* * * LOW HITPOINT WARNING * * *
You see here a bat corpse.
A red film seems to cover your vision as you go berserk!
You feel yourself moving faster!
You feel mighty! Something hits you!
You die...

.##.... ... ..? .##. #.#
#.# #.# .##..#(# #.# #.#
.##..#.# #.# #.# ###..#.#
#.# #.# # #..#.###.# #.#
###.....##.#####.## .#
#.....)..........####...#
#.#....##.#####@.....#
#.#..####.# ##†###.#
#.##.# #.# #..# #
##.##.####^# #....
...........# #....#
...........# #...#.#
##.##.####.# #..#._.#
#.##)#### # #...#.#.
#.##.....


There were no monsters in sight!

Vanquished Creatures
  Jessica (D:2)
  2 adders (D:2)
  2 dart slugs (D:1)
  A worm (D:2)
  2 leopard geckos (D:1)
  7 bats
  3 giant cockroaches
  6 goblins
  4 hobgoblins (D:1)
  2 frilled lizards (D:1)
  6 kobolds (D:1)
  5 rats (D:1)
41 creatures vanquished.

Notes
Turn   | Place    | Note
-------+----------+-------------------------------------------
     0 | D:1      | Garessta the Merfolk Skald began the quest for the Orb.
     0 | D:1      | Reached XP level 1. HP: 16/16 MP: 3/3
   148 | D:1      | Reached XP level 2. HP: 23/23 MP: 0/5
   155 | D:1      | Learned a level 2 spell: Shroud of Golubria
   318 | D:1      | Reached XP level 3. HP: 27/29 MP: 0/6
   958 | D:2      | Noticed Sigmund
  1155 | D:2      | Reached XP level 4. HP: 37/37 MP: 7/7
  1160 | D:2      | Learned a level 3 spell: Spectral Weapon
  1236 | D:2      | Noticed Jessica
  1245 | D:2      | Killed Jessica
  1259 | D:2      | Found a faded altar of an unknown god.
  1285 | D:2      | Slain by Sigmund

Levels and vault maps discovered:
D:1:      scummos_arrival_checkerplants, layout_basic, corexii_leaking_fountain,
          minmay_tetromino_i4
D:2:      layout_loops_ring, okawaru_gym_becter, lemuel_coloured_pillars_altar,
          chequers_ecumenical_altar_simple_redux, uniq_sigmund, uniq_jessica

Skill      XL: |  1  2  3  4 |
---------------+-------------+-----
Fighting       | 3 4 |  4.4
Charms         | 4 |  4.2
Polearms       | |  3.0
Armour         | |  0.6
Dodging        | |  2.6
Spellcasting   | |  2.0

Action                   |  1- 3 |  4- 6 || total
-------------------------+-------+-------++-------
Melee: Spear             |    85 |    35 ||   120
 Cast: Infusion          |     6 |     2 ||     8
       Shroud of Golubri |     4 |     2 ||     6
  Use: Scroll            |     2 |       ||     2
       Potion            |       |     2 ||     2
 Stab: Sleeping          |     1 |       ||     1
  Eat: Chunk             |     1 |     1 ||     2
Armor: Leather armour    |     5 |     8 ||    13
Dodge: Dodged            |    32 |    10 ||    42
